 Dungeon Crawl Stone Soup version 0.21.0-24-g2553a33 (webtiles) character file.

4 tidbits the Charmwright (level 1, -3/20 HPs)
             Began as a Gnoll Skald on Jan 20, 2018.
             Slain by Sigmund
             ... wielding a +0 scythe
              (9 damage)
             ... on level 3 of the Dungeon.
             The game lasted 00:01:52 (95 turns).

tidbits the Charmwright (Gnoll Skald)                 Turns: 95, Time: 00:01:52

Health: -3/20      AC:  3    Str: 13    XL:     1   Next: 70%
Magic:  0/6        EV: 14    Int: 15    God:
Gold:   0          SH:  0    Dex: 14    Spells: 8/9 levels left

rFire    . . .     SeeInvis .   a - +0 hand axe
rCold    + . .     Gourm    .   (no shield)
rNeg     . . .     Faith    .   b - +0 leather armour
rPois    .         Spirit   .   (no helmet)
rElec    .         Reflect  .   (no cloak)
rCorr    .         Harm     .   (no gloves)
MR       .....     Clarity  +   (no boots)
Stlth    +.........             (no amulet)
HPRegen  0.06/turn              (no ring)
MPRegen  0.10/turn              (no ring)

@: infused (expiring)
A: distributed training, fangs 1, clarity, cold resistance 1, strong nose
a: no special abilities


You were on level 3 of the Dungeon.
You were not hungry.

You visited 1 branch of the dungeon, and saw 3 of its levels.

Inventory:

Hand Weapons
 a - a +0 hand axe (weapon)
Armour
 b - a +0 leather armour (worn)
Books
 c - a book of Battle

   Spells                             Type                      Level
   a - Infusion                       Charms                       1
   b - Shroud of Golubria             Charms/Translocation         2
   c - Song of Slaying                Charms                       2
   d - Spectral Weapon                Hexes/Charms                 3
   e - Regeneration                   Charms/Necromancy            3
Comestibles
 d - 2 rations


   Skills:
 + Level 4.4 Fighting
 + Level 0.1 Short Blades
 + Level 0.1 Long Blades
 + Level 4.4 Axes
 + Level 0.1 Maces & Flails
 + Level 0.1 Polearms
 + Level 0.1 Staves
 + Level 0.1 Slings
 + Level 0.1 Bows
 + Level 0.1 Crossbows
 + Level 0.1 Throwing
 + Level 2.4 Armour
 + Level 4.4 Dodging
 + Level 0.1 Stealth
 + Level 0.1 Shields
 + Level 0.1 Unarmed Combat
 + Level 4.9 Spellcasting
 + Level 0.1 Conjurations
 + Level 0.1 Hexes
 + Level 5.3 Charms
 + Level 0.1 Summonings
 + Level 0.1 Necromancy
 + Level 0.1 Translocations
 + Level 0.1 Transmutations
 + Level 0.1 Fire Magic
 + Level 0.1 Ice Magic
 + Level 0.1 Air Magic
 + Level 0.1 Earth Magic
 + Level 0.1 Poison Magic
 + Level 0.2 Invocations
 + Level 0.1 Evocations


You had 8 spell levels left.
You knew the following spells:

 Your Spells              Type           Power        Failure   Level  Hunger
i - Infusion              Chrm           ###.         2%          1    None


Dungeon Overview and Level Annotations

Branches:
Dungeon (3/15)

Altars:

Annotations:
D:3 Sigmund


Innate Abilities, Weirdness & Mutations

Your experience applies equally to all skills.
You have very sharp teeth.
Your uncanny sense of smell can sniff out nearby items.
You possess an exceptional clarity of mind.
Your flesh is cold resistant. (rC+)


Message History

There is a stone staircase leading down here.
You climb downwards.
There is a stone staircase leading up here.
Unknown command.
Magic restored.
Your magical infusion is running out.
Found a stone staircase leading down.
HP restored.
You are no longer magically infusing your attacks.
Found 9 gold pieces.
There is a stone staircase leading down here.
You climb downwards.
An ooze comes into view.
The ooze quivers.
Found a spear and an inky potion.
There is a stone staircase leading up here.
Casting: Infusion
Confirm with . or Enter, or press ? or * to list all spells.
You begin infusing your attacks with magical energy.
You hit the ooze.
The ooze is moderately wounded.
The ooze hits you.
You slash the ooze!
You kill the ooze!
Found an inky potion.
Sigmund the Dreaded comes into view.
He is wielding a scythe.
You see here an inky potion.
It was a potion of curing.
You feel better.
Sigmund zaps a wand.
You turn into a sentient fungus.
Your +0 hand axe melds into your body.
Your +0 leather armour melds into your body.
It is a wand of polymorph (17).
It was a potion of mutation.
You feel extremely strange.
Your thoughts seem clearer.
You feel resistant to cold.
Unknown command.
You're too terrified to move while being watched!
Unknown command.
You aren't carrying any items that you can evoke.
Unknown command.
You aren't carrying any potions.
Unknown command.
Okay, then.
You're too terrified to move while being watched!
You're too terrified to move while being watched!
You're too terrified to move while being watched!
Unknown command.
Sigmund completely misses you.
Sigmund zaps a wand.
You resist with significant effort.
Sigmund zaps a wand.
Sigmund barely misses you.
Sigmund zaps a wand.
Sigmund zaps a wand.
You resist with significant effort. Sigmund gestures at you while chanting.
You resist with significant effort.
Sigmund zaps a wand.
Your transformation is almost over.
Sigmund misses you. Sigmund gestures at you while chanting.
The magic dart hits you! Sigmund closely misses you.
Sigmund hits you but does no damage.
Your magical infusion is running out.
Sigmund hits you but does no damage.
Sigmund casts a spell.
Sigmund flickers and vanishes!
Unknown command.
You hear some strange, mumbled words.
A puff of flame appears from out of thin air!
The puff of flame hits you!
Unknown command.
You release spores at something.
You stop sporulating.
Your +0 hand axe unmelds from your body.
Your +0 leather armour unmelds from your body.
Unknown command.
You aren't carrying any potions.
Unknown command.
Okay, then.
Casting: Infusion
Confirm with . or Enter, or press ? or * to list all spells.
You extend your infusion's duration.
Something barely misses you.
Unknown command.
Unknown command.
Unknown command.
Unknown command.
Unknown command.
You hit something!
Unknown command.
You hit something.
Something says, "I'm a little confused."
Something hits you!
Ouch! That really hurt!
* * * LOW HITPOINT WARNING * * *
You slash something!
Unknown command.
Unknown command.
You hit something. You bite something.
Your magical infusion is running out.
Something hits you!
You die...

..........<#
#.........#
#.........#
#.........#
#.........#
#.........#
#.........#
#............
#@.......####
#..........
#.........##
#######...#
.### #


There were no monsters in sight!

Vanquished Creatures
  An ooze (D:3)
  A rat (D:2)
2 creatures vanquished.

Notes
Turn   | Place    | Note
-------+----------+-------------------------------------------
     0 | D:1      | tidbits the Gnoll Skald began the quest for the Orb.
     0 | D:1      | Reached XP level 1. HP: 20/20 MP: 6/6
    63 | D:3      | Noticed Sigmund
    69 | D:3      | Gained mutation: You possess an exceptional clarity of mind. [potion of mutation]
    69 | D:3      | Gained mutation: Your flesh is cold resistant. (rC+) [potion of mutation]
    95 | D:3      | Slain by Sigmund

Action                   || total
-------------------------++-------
Melee: Hand axe          ||     9
       Unarmed           ||     1
       Bite              ||     1
 Cast: Infusion          ||     3
  Use: Potion            ||     2
Armor: Skin              ||     3
       Leather armour    ||     1
Dodge: Dodged            ||     6

Table legend:
 A = Turns spent in this place as a percentage of turns spent in the entire game.
 B = Non-inter-level travel turns spent in this place as a percentage of non-inter-level travel turns spent in the entire game.
 C = Inter-level travel turns spent in this place as a percentage of turns spent in this place.
 D = Turns resting spent in this place as a percentage of non-inter-level travel turns spent in this place.
 E = Turns spent auto-exploring this place as a percentage of non-inter-level travel turns spent in this place.
 F = Non-inter-level travel turns spent in this place divided by the number of levels of this place that you've seen.
                   A       B       C       D       E      F
               +-------+-------+-------+-------+-------+----------------------
         Total | 100.0 | 100.0 |   0.0 |   0.0 |   0.0 |  31.7
       Dungeon | 100.0 | 100.0 |   0.0 |   0.0 |   0.0 |  31.7
               +-------+-------+-------+-------+-------+----------------------

Table legend:
 A = Kills in this place as a percentage of kills in entire the game.
 B = Kills by you in this place as a percentage of kills by you in the entire game.
 C = Kills by friends in this place as a percentage of kills by friends in the entire game.
 D = Other kills in this place as a percentage of other kills in the entire game.
 E = Experience gained in this place as a percentage of experience gained in the entire game.
 F = Experience gained in this place divided by the number of levels of this place that you have seen.
                   A       B       C       D       E      F
               +-------+-------+-------+-------+-------+----------------------
         Total | 100.0 | 100.0 |   N/A |   N/A | 100.0 |   2.3
       Dungeon | 100.0 | 100.0 |   N/A |   N/A | 100.0 |   2.3
               +-------+-------+-------+-------+-------+----------------------

Vault maps used:
D:1:      minmay_arrival_five_plusses
D:2:      chequers_temple_overflow_minitemple, old_standard_altar, first_ration,
          kennysheep_minor_cross, nicolae_gozag_zags_fifth_avenue
D:3:      lemuel_crystal_altar, minmay_misc_feat_five,
          minmay_randomly_rotated_circles, uniq_sigmund
